 Dungeon Crawl Stone Soup version 0.17-a0-1951-g62301d3 (webtiles) character file.

14 Kuldar the Skirmisher (level 2, 25/25 HPs)
             Began as a Demonspawn Wanderer on Oct 3, 2015.
             Got out of the dungeon alive.
             The game lasted 00:01:41 (187 turns).

Kuldar the Skirmisher (Demonspawn Wanderer)          Turns: 187, Time: 00:01:41

Health: 25/25      AC:  3    Str: 12    XL:     2   Next: 27%
Magic:  2/2        EV: 12    Int: 11    God:
Gold:   16         SH:  0    Dex: 14    Spells: 0 memorised, 1 level left

rFire  . . .     SeeInvis .     f - -1 spear (curse)
rCold  . . .     Clarity  .     a - +0 leather armour
rNeg   . . .     SustAt   .     (no shield)
rPois  .         Gourm    .     (helmet restricted)
rElec  .         Spirit   .     (no cloak)
rCorr  .         Warding  .     (no gloves)
rMut   .         Stasis   .     (no boots)
MR     .....                    (no amulet)
Stlth  +.........               (no ring)
                                (no ring)

@: not resistant to hostile enchantments, very unstealthy
A: horns 1
a: no special abilities


You escaped.
You were not hungry.

You visited 1 branch of the dungeon, and saw 1 of its levels.

You collected 16 gold pieces.

Inventory:

Hand weapons
 d - a +0 falchion
 f - a cursed -1 spear (weapon)
Missiles
 b - 2 throwing nets (quivered)
Armour
 a - a +0 leather armour (worn)
Scrolls
 g - a scroll of remove curse {unknown}
Potions
 c - a potion of curing
 h - a potion of might {unknown}
Comestibles
 e - a bread ration


   Skills:
 * Level 4.1 Fighting
 * Level 1.2 Long Blades
 - Level 1.0 Throwing
 * Level 1.4 Armour
 * Level 2.0 Dodging
   Level 1.0 Evocations


You had one spell level left.
You didn't know any spells.

Dungeon Overview and Level Annotations

Branches:
Dungeon (1/15)

Altars:


Innate Abilities, Weirdness & Mutations

You have a pair of small horns on your head.


Message History

Press: ? - help, Dir - move target cursor, f - goblin
Aim: a goblin (hasn't noticed you)
You reach to attack!
You closely miss the goblin. You closely miss the goblin.
The goblin barely misses you. The goblin barely misses you.
You hit the goblin.
The goblin is heavily wounded.
The goblin hits you but does no damage.
You barely miss the goblin. You headbutt the goblin.
You kill the goblin!
No target in view!
You open the door.
There is an open door here.
You see here a stone.
You see here a stone.
You see here a stone.
There is an open door here.
There is a staircase leading out of the dungeon here.
Are you sure you want to leave the Dungeon?
This will make you lose the game!
You have escaped!

###..#.##.##.
#)...#.##.##.
#'#..#.##.##.
##.##...##.##. ###
#.((#..###.##.
##.###(((##.# #.#
#...#..(((#.# #.#
#...#.(.(.#.# #.#
#.@.'..8((#.#
#...#..((.#.#
#...#(((((#.#
##.###((.##.# # ..
### #(..##.## . ..#
# ########.##...#
.. ... .#####....#
#'##.#.#
.####.##.##.##....#
#.##.#..#.
.........##.##....#
#....#....


There were no monsters in sight!

Vanquished Creatures
  A gnoll (D:1)
  A hobgoblin (D:1)
  A goblin (D:1)
  A kobold (D:1)
4 creatures vanquished.

Notes
Turn   | Place    | Note
--------------------------------------------------------------
     0 | D:1      | Kuldar the Demonspawn Wanderer began the quest for the Orb.
     0 | D:1      | Kuldar set off with: a +0 leather armour, 2 throwing nets, a potion of curing, a +0 falchion, a bread ration, a !bad item (cl:100,ty:0,pl:0,pl2:0,sp:0,qu:0), a !bad item (cl:100,ty:0,pl:0,pl2:0,sp:0,qu:0), a !bad item (cl:100,ty:0,pl:0,pl2:0,sp:0,qu:0), a !bad item (cl:100,ty:0,pl:0,pl2:0,sp:0,qu:0), a !bad item (cl:100,ty:0,pl:0,pl2:0,sp:0,qu:0), a !bad item (cl:100,ty:0,pl:0,pl2:0,sp:0,qu:0), a !bad item (cl:100,ty:0,pl:0,pl2:0,sp:0,qu:0), a !bad item (cl:100,ty:0,pl:0,pl2:0,sp:0,qu:0), a !bad item (cl:100,ty:0,pl:0,pl2:0,sp:0,qu:0), a !bad item (cl:100,ty:0,pl:0,pl2:0,sp:0,qu:0), a !bad item (cl:100,ty:0,pl:0,pl2:0,sp:0,qu:0), a !bad item (cl:100,ty:0,pl:0,pl2:0,sp:0,qu:0), a !bad item (cl:100,ty:0,pl:0,pl2:0,sp:0,qu:0), a !bad item (cl:100,ty:0,pl:0,pl2:0,sp:0,qu:0), a !bad item (cl:100,ty:0,pl:0,pl2:0,sp:0,qu:0), a !bad item (cl:100,ty:0,pl:0,pl2:0,sp:0,qu:0), a !bad item (cl:100,ty:0,pl:0,pl2:0,sp:0,qu:0), a !bad item (cl:100,ty:0,pl:0,pl2:0,sp:0,qu:0), a !bad item (cl:100,ty:0,pl:0,pl2:0,sp:0,qu:0), a !bad item (cl:100,ty:0,pl:0,pl2:0,sp:0,qu:0), a !bad item (cl:100,ty:0,pl:0,pl2:0,sp:0,qu:0), a !bad item (cl:100,ty:0,pl:0,pl2:0,sp:0,qu:0), a !bad item (cl:100,ty:0,pl:0,pl2:0,sp:0,qu:0), a !bad item (cl:100,ty:0,pl:0,pl2:0,sp:0,qu:0), a !bad item (cl:100,ty:0,pl:0,pl2:0,sp:0,qu:0), a !bad item (cl:100,ty:0,pl:0,pl2:0,sp:0,qu:0), a !bad item (cl:100,ty:0,pl:0,pl2:0,sp:0,qu:0), a !bad item (cl:100,ty:0,pl:0,pl2:0,sp:0,qu:0), a !bad item (cl:100,ty:0,pl:0,pl2:0,sp:0,qu:0), a !bad item (cl:100,ty:0,pl:0,pl2:0,sp:0,qu:0), a !bad item (cl:100,ty:0,pl:0,pl2:0,sp:0,qu:0), a !bad item (cl:100,ty:0,pl:0,pl2:0,sp:0,qu:0), a !bad item (cl:100,ty:0,pl:0,pl2:0,sp:0,qu:0), a !bad item (cl:100,ty:0,pl:0,pl2:0,sp:0,qu:0), a !bad item (cl:100,ty:0,pl:0,pl2:0,sp:0,qu:0), a !bad item (cl:100,ty:0,pl:0,pl2:0,sp:0,qu:0), a !bad item (cl:100,ty:0,pl:0,pl2:0,sp:0,qu:0), a !bad item (cl:100,ty:0,pl:0,pl2:0,sp:0,qu:0), a !bad item (cl:100,ty:0,pl:0,pl2:0,sp:0,qu:0), a !bad item (cl:100,ty:0,pl:0,pl2:0,sp:0,qu:0), a !bad item (cl:100,ty:0,pl:0,pl2:0,sp:0,qu:0), a !bad item (cl:100,ty:0,pl:0,pl2:0,sp:0,qu:0), a !bad item (cl:100,ty:0,pl:0,pl2:0,sp:0,qu:0), a !bad item (cl:100,ty:0,pl:0,pl2:0,sp:0,qu:0), a !bad item (cl:100,ty:0,pl:0,pl2:0,sp:0,qu:0), a !bad item (cl:100,ty:0,pl:0,pl2:0,sp:0,qu:0), a !bad item (cl:100,ty:0,pl:0,pl2:0,sp:0,qu:0)
     0 | D:1      | Reached XP level 1. HP: 19/19 MP: 1/1
    32 | D:1      | Gained mutation: You have a pair of small horns on your head. [demonic ancestry]
    32 | D:1      | Reached XP level 2. HP: 19/25 MP: 2/2
   187 | D:$      | Got out of the dungeon alive.

Vault maps used:
D:1:      minmay_arrival_shattered_statue

Action                   || total
-------------------------++-------
Melee: Falchion          ||     6
       Spear             ||    10
Throw: Throwing net      ||     1
 Stab: Held in net/web   ||     2
